 Dungeon Crawl Stone Soup version 0.23.2-1-ga50397a (webtiles) character file.

Game seed: 14900286072841540503

175 MalarOregon the Ruffian (level 5, 0/45 HPs)
             Began as a Ghoul Warper on June 2, 2019.
             Slain by an iguana (4 damage)
             ... on level 4 of the Dungeon.
             The game lasted 00:06:19 (2538 turns).

MalarOregon the Ruffian (Ghoul Warper)              Turns: 2538, Time: 00:06:21

Health: 0/45       AC:  5    Str: 14 (15) XL:     5   Next: 55%
Magic:  6/6        EV: 11    Int: 11 (13) God:
Gold:   250        SH:  3    Dex:  8 (9)  Spells: 5/7 levels left

rFire    . . .     SeeInvis .     - Unarmed
rCold    + . .     Gourm    .   h - +0 buckler
rNeg     + + +     Faith    .   s - +0 leather armour {rPois}
rPois    ∞         Spirit   .   (no helmet)
rElec    .         Reflect  .   k - +0 cloak
rCorr    .         Harm     .   l - +0 pair of gloves
MR       .....                  (no boots)
Stlth    ++........             (no amulet)
HPRegen  0.00/turn              j - ring of flight
MPRegen  0.10/turn              (no ring)

@: brilliant, rotting
A: rotting body, claws 1, carnivore, cold resistance 1, negative energy
resistance 3, inhibited regeneration, torment resistance, unbreathing
a: Evoke Flight


You were on level 4 of the Dungeon.
You were not hungry.

You visited 1 branch of the dungeon, and saw 4 of its levels.

You collected 250 gold pieces.

Inventory:

Missiles
 d - 5 tomahawks of dispersal {!f}
 o - 4 tomahawks (quivered)
 r - 6 javelins
Armour
 h - a +0 buckler (worn)
   (You found it on level 1 of the Dungeon)
 k - a +0 cloak (worn)
   (You found it on level 2 of the Dungeon)
 l - a +0 pair of gloves (worn)
   (You found it on level 2 of the Dungeon)
 s - a +0 leather armour of poison resistance (worn)
   (You found it on level 3 of the Dungeon)
Jewellery
 j - a ring of flight (left hand)
   (You found it on level 2 of the Dungeon)
Wands
 t - a wand of flame (8)
   (You took it off Ijyb on level 3 of the Dungeon)
Scrolls
 b - a scroll of enchant armour {unknown}
 c - 2 scrolls of blinking
 f - a scroll of immolation {!r}
 i - a scroll of fear
 m - a scroll of identify {unknown}
 n - 2 scrolls of remove curse {@r2}
Comestibles
 e - 6 rations {!d}


   Skills:
 + Level 3.2 Fighting
 - Level 0.8 Throwing
 - Level 0.8 Armour
 - Level 1.7 Dodging
 + Level 2.4 Stealth
 + Level 1.7 Shields
 * Level 4.3 Unarmed Combat
 - Level 1.7 Spellcasting
 - Level 2.6 Translocations


You had 5 spell levels left.
You knew the following spells:

 Your Spells              Type           Power        Failure   Level  Hunger
b - Blink                 Tloc           N/A          3%          2    ###....

Your spell library contained the following spells:

 Spells                   Type           Power        Failure   Level  Hunger
 Shroud of Golubria       Chrm/Tloc      ##........   5%          2    ###....
 Gell's Gravitas          Tloc           ##........   6%          3    ####...
 Lesser Beckoning         Tloc           ##........   6%          3    ####...
 Teleport Other           Tloc           ##......     6%          3    ####...
 Passage of Golubria      Tloc           N/A          17%         4    #####..


Dungeon Overview and Level Annotations

Branches:
Dungeon (4/15)
 Temple: D:4-7

Altars:
Elyvilon
Vehumet


Innate Abilities, Weirdness & Mutations

Your body is rotting away.
You thrive on raw meat.
You are immune to poison.
You have sharp fingernails.
You are carnivorous and can eat meat at any time.
Your flesh is cold resistant. (rC+)
You are immune to negative energy. (rN+++)
You do not regenerate when monsters are visible.
You are immune to unholy pain and torment.
You can survive without breathing.


Message History

You hit the phantom. The phantom closely misses you.
You hit the phantom.
The phantom blinks!
The phantom blinks!
You start resting.
The phantom is too close now for your liking.
There is a stone staircase leading down here.
The phantom blinks!
You start resting.
The phantom is too close now for your liking.
You are too injured to fight recklessly!
The phantom blinks!
The phantom blinks!
The phantom blinks!
You start resting.
The phantom is too close now for your liking.
The phantom blinks!
There is a stone staircase leading down here.
The phantom blinks!
The phantom blinks!
There is a stone staircase leading down here.
You barely miss the phantom. The phantom closely misses you.
You closely miss the phantom. The phantom hits you.
* * * LOW HITPOINT WARNING * * *
You hit the phantom. The phantom hits you!
* * * LOW HITPOINT WARNING * * *
You barely miss the phantom.
The phantom blinks!
The phantom blinks!
You climb downwards.
There is a stone staircase leading up here.
You start resting.
An iguana comes into view.
It was a potion of brilliance.
You feel clever all of a sudden.
It was a potion of mutation.
You feel extremely strange.
Your body decomposes!
You feel dopey.
Your body decomposes!
You feel clumsy.
Your body decomposes!
You feel dopey.
Your body decomposes!
You feel weakened. The iguana completely misses you.
You hit the iguana. You hit the iguana but do no damage. The iguana bites you!
* * * LOW HITPOINT WARNING * * *
You hit the iguana but do no damage. The iguana bites you.
* * * LOW HITPOINT WARNING * * *
You barely miss the iguana. The iguana bites you.
You die...

# ###.#
#@l.#
#........
#.......#
..####...
... ..
.... .
###. ..


You could see an iguana.

Vanquished Creatures
  Ijyb (D:3)
  A worker ant (D:4)
  5 adders
  An adder skeleton (D:4)
  A worm (D:2)
  A dart slug (D:1)
  3 leopard geckos
  2 orcs
  3 bats
  3 giant cockroaches
  8 goblins
  10 hobgoblins
  10 jackals
  2 quokkas (D:3)
  3 frilled lizards
  5 kobolds
  8 rats
67 creatures vanquished.

Notes
Turn   | Place    | Note
-------+----------+-------------------------------------------
     0 | D:1      | MalarOregon the Ghoul Warper began the quest for the Orb.
     0 | D:1      | Reached XP level 1. HP: 17/17 MP: 2/2
    88 | D:1      | Reached XP level 2. HP: 16/25 MP: 3/3
   232 | D:1      | Reached skill level 1 in Stealth
   513 | D:1      | Reached skill level 3 in Unarmed Combat
   586 | D:1      | Reached XP level 3. HP: 22/30 MP: 4/4
   643 | D:2      | Learned a level 2 spell: Blink
   811 | D:2      | Reached skill level 1 in Shields
   811 | D:2      | Reached XP level 4. HP: 24/37 MP: 5/5
  1609 | D:3      | Noticed Ijyb
  1806 | D:3      | Killed Ijyb
  1806 | D:3      | Reached skill level 4 in Unarmed Combat
  1806 | D:3      | Reached XP level 5. HP: 20/45 MP: 6/6
  2231 | D:3      | Found a white marble altar of Elyvilon.
  2231 | D:3      | Found a radiant altar of Vehumet.
  2343 | D:4      | Noticed a phantom
  2538 | D:4      | Slain by an iguana

Skill      XL: |  1  2  3  4 |
---------------+-------------+-----
Stealth        | 1 2 |  2.4
Unarmed Combat | 3 4 |  4.3
Shields        | 1 |  1.7
Fighting       | 3 |  3.2
Throwing       | |  0.8
Armour         | |  0.8
Dodging        | |  1.7
Spellcasting   | |  1.7
Translocations | |  2.6

Action                   |  1- 3 |  4- 6 || total
-------------------------+-------+-------++-------
Melee: Unarmed           |    95 |   252 ||   347
  Use: Scroll            |       |     3 ||     3
       Potion            |       |     2 ||     2
 Stab: Sleeping          |     1 |     1 ||     2
  Eat: Chunk             |     4 |    10 ||    14
Armor: Leather armour    |    19 |    81 ||   100
Dodge: Dodged            |    47 |   157 ||   204
Block: Buckler           |     7 |    38 ||    45
